 Dungeon Crawl Stone Soup version 0.25.0-1-g7eea58d2a3 (webtiles) character file.

Game seed: 5057797788125912719

1625642 Gruesph the Conqueror (level 27, 256/273 HPs)
             Began as a Hill Orc Berserker on June 13, 2020.
             Was a High Priest of Trog.
             Escaped with the Orb
             ... and 3 runes!
             The game lasted 04:26:08 (77768 turns).

Gruesph the Conqueror (Hill Orc Berserker)         Turns: 77768, Time: 04:26:09

Health: 256/273    AC: 51    Str: 36 (37) XL:     27
Magic:  30/30      EV: 12    Int:  7 (9)  God:    Trog [*****.]
Gold:   9738       SH: 33    Dex:  6      Spells: 26/26 levels left

rFire    + + .     SeeInvis +   a - +4 broad axe (freeze)
rCold    + + +     Gourm    .   T - +3 tower shield {reflect}
rNeg     + . .     Faith    .   Y - +12 gold dragon scales
rPois    +         Spirit   .   O - +0 mask of the Dragon {MR+ Slay+3 SInv}
rElec    +         Reflect  +   Q - +2 cloak {rCorr}
rCorr    +         Harm     .   e - +1 pair of gloves of Undesirable Species {rElec rF+ Dex-4}
MR       ++++.     Rnd*Tele +   y - +2 pair of boots {run}
Stlth    ..........             Z - amulet of Dishonour {Reflect rElec Str+4 Int+2 SH+5 Stlth+}
HPRegen  0.55/turn              M - ring of protection from magic
MPRegen  0.22/turn              N - ring of Caadougoux {rC++ rN+}

@: quick
A: yellow scales 1, deterioration 2, electricity resistance, teleportitis 1,
wild magic 1
0: Orb of Zot
}: 3/15 runes: decaying, serpentine, slimy
a: Berserk, Trog's Hand, Brothers in Arms, Renounce Religion


You escaped.
You worshipped Trog.
Trog was extremely pleased with you.
You were not hungry.

You visited 10 branches of the dungeon, and saw 53 of its levels.
You visited the Abyss 2 times.
You visited 1 bazaar.
You also visited: Ossuary and Bailey.

You collected 13492 gold pieces.
You spent 3754 gold pieces at shops.

Inventory:

Hand Weapons
 a - a +4 broad axe of freezing (weapon)
 b - a +5 antimagic broad axe
Missiles
 d - 5 silver javelins
 k - 32 javelins (quivered)
 u - 3 throwing nets {!f}
Armour
 e - the +1 pair of gloves of Undesirable Species (worn) {rElec rF+ Dex-4}
   (You acquired it on level 2 of the Swamp)

   It affects your dexterity (-4).
   It protects you from fire.
   It insulates you from electricity.
 y - a +2 pair of boots of running (worn)
 O - the +0 mask of the Dragon (worn) {MR+ Slay+3 SInv}
   (You found it on level 5 of the Depths)

   It affects your accuracy and damage with ranged weapons and melee attacks
   (+3).
   It affects your resistance to hostile enchantments.
   It lets you see invisible.
 Q - a +2 cloak of preservation (worn)
 T - a +3 tower shield of reflection (worn)
 Y - +12 gold dragon scales (worn)
Jewellery
 M - a ring of protection from magic (left hand)
 N - the ring of Caadougoux (right hand) {rC++ rN+}
   (You found it on level 3 of the Elven Halls)

   [ring of positive energy]

   It greatly protects you from cold.
   It protects you from negative energy.
 Z - the amulet of Dishonour (around neck) {Reflect rElec Str+4 Int+2 SH+5 Stlth+}
   (You acquired it on level 3 of the Vaults)

   [amulet of reflection]

   It shields you and reflects attacks.
   It affects your strength (+4).
   It affects your intelligence (+2).
   It insulates you from electricity.
   It affects your SH (+5).
   It makes you more stealthy.
Wands
 s - a wand of digging (16)
 z - a wand of acid (27)
 C - a wand of disintegration (20)
 G - a wand of polymorph (17)
 L - a wand of enslavement (30)
 U - a wand of iceblast (34)
 W - a wand of paralysis (16)
 X - a wand of clouds (9)
Scrolls
 i - 22 scrolls of identify
 m - a scroll of summoning
 p - 7 scrolls of magic mapping
 r - 25 scrolls of remove curse
 v - 7 scrolls of immolation
 w - 2 scrolls of holy word
 B - 17 scrolls of teleportation
 D - 7 scrolls of fear
 E - 6 scrolls of blinking
 F - 15 scrolls of fog
 H - 4 scrolls of vulnerability
 J - 3 scrolls of silence
Potions
 c - 20 potions of curing
 g - 6 potions of cancellation
 h - 4 potions of heal wounds
 j - 3 potions of resistance
 n - 9 potions of flight
 o - a potion of haste
 t - 12 potions of lignification
 I - 5 potions of might
 K - a potion of invisibility
 R - 6 potions of ambrosia
Miscellaneous
 l - 3 phantom mirrors
 q - a tin of tremorstones (3/3)
 x - a phial of floods
 S - a lightning rod (4/4)
Comestibles
 f - 49 rations


   Skills:
 O Level 27 Fighting
 - Level 18.0 Axes
 - Level 16.0 Throwing
 + Level 26.0 Armour
 + Level 18.6 Dodging
 + Level 19.7 Shields
 - Level 10.0 Evocations


You had 26 spell levels left.
You didn't know any spells.
Your spell library contained the following spells:

 Spells                   Type           Power        Failure   Level  Hunger
 Animate Skeleton         Necr           N/A          99%         1    ##.....
 Sandblast                Erth           #.....       99%         1    ##.....
 Shroud of Golubria       Chrm/Tloc      #.....       100%        2    ###....
 Slow                     Hex            #.......     100%        2    ###....
 Ignite Poison            Fire/Tmut/Pois #.......     100%        3    ####...
 Ozocubu's Armour         Chrm/Ice       #.......     100%        3    ####...
 Stone Arrow              Conj/Erth      #.....       100%        3    ####...
 Excruciating Wounds      Chrm/Necr      #.........   100%        5    ######.
 Irradiate                Conj/Tmut      #.........   100%        5    ######.
 Darkness                 Hex            #.........   100%        6    #######
 Death Channel            Necr           #.........   100%        6    #######
 Discord                  Hex            #.........   100%        8    #######


Dungeon Overview and Level Annotations

Branches:
Dungeon (15/15)            Temple (0/1) D:4            Lair (6/6) D:8
  Swamp (4/4) Lair:4        Snake (4/4) Lair:4        Slime (5/5) Lair:6
    Orc (2/2) D:12            Elf (3/3) Orc:2        Vaults (4/5) D:13
  Crypt (0/3) Vaults:3     Depths (5/5) D:15            Zot (5/5) Depths:5
Ossuary (visited)          Bailey (visited)

Altars:
Ashenzari
Fedhas
Nemelex Xobeh
Okawaru
Trog
Wu Jian
Yredelemnul
The Shining One
Beogh
Jiyva

Shops:
Orc:2 [=[*   Elf:2 [   Snake:2 ==   Snake:4 }=}   Vaults:3 ?

Portals:
Hell: Depths:1 Depths:2 Depths:3 Depths:4 Depths:5
Abyss: Depths:3 Depths:4
Pandemonium: Depths:2 Depths:3 Depths:4
Ziggurat: Depths:3

Annotations:
D:3 1 runed translucent door, Crazy Yiuf
D:10 1 runed translucent door, Raspi's ghost, novice GrFi
D:14 Roxanne
Snake:3 1 runed translucent door, Smee's ghost, adept MiFi
Vaults:1 8 runed translucent doors, TPoD's ghost, adept HOMo
Depths:2 2 runed translucent doors
Zot:1 2 transporters
Zot:3 3 runed translucent doors, Beuseq's ghost, master GnFi


Innate Abilities, Weirdness & Mutations

You are partially covered in yellow scales. (AC +2)
Your body often deteriorates upon taking damage.
You are resistant to electric shocks. (rElec)
You are occasionally teleported next to monsters.
Your spells are a little harder to cast, but a little more powerful.


Message History

(V) Vaults (C) Crypt (U) Depths (H) Hell (Z) Zot
Where to? (Enter - D:1 @ (x,y), ? - help)
What level of the Dungeon? (default 1, ? - help)
A shadow demon comes into view.
There is a stone staircase leading up here.
The shadow demon gestures.
You climb upwards.
There is a stone staircase leading down here.
(D) Dungeon (T) Temple (L) Lair (S) Swamp (P) Snake Pit (M) Slime Pits (O) Orcish Mines (E) Elven Halls (V) Vaults (C) Crypt (U) Depths (H) Hell (Z) Zot
Where to? (Enter - D:1 @ (x,y), ? - help)
There is a stone staircase leading up here.
You climb upwards.
There is a stone staircase leading down here.
There is an open door here.
There is a staircase leading out of the dungeon here.
You have escaped!

#.....# #.#####.###...#######...
#.###.# #....#..##...###......#.
#.# #.# ######...[..## #.####...
#.###.# #...).## #.# ##.#
#.....#########....## #.# #.#
#.###.........#.....## ##.# #.#
#.# #########.#......###..# #..
#.# #.#..........## ##.. #.#
#.#.@....##### #... #.#
#.#......# #######... #.#
#######.###'#### #......... #.#
#.......# #.# #########... #.#
###.###)### #.####(........## #.#
#..)...#..# #>#.##..#########
#.###.###.###.#####[##..##### #
#.....##.## ##..............# #
#####.###.###..##...........#####


There were no monsters in sight!

Vanquished Creatures
  the Royal Jelly (Slime:5)
  4 ancient liches (Zot:5)
  10 orbs of fire
  3 Killer Klowns (Zot:5)
  Frederick (Vaults:4)
  Saint Roka (Snake:3)
  2 curse toes
  3 caustic shrikes (Depths:5)
  9 golden dragons
  Nikola (Vaults:1)
  A bone dragon (Abyss:3)
  3 electric golems
  The ghost of Smee the Bludgeoner, an adept MiFi of Okawaru (Snake:2)
  Rupert (D:13)
  Jorgrun (Orc:1)
  A hellephant (Abyss:3)
  25 Orb Guardians
  10 tentacled monstrosities
  2 deep elf blademasters (Elf:3)
  Asterion (Vaults:3)
  A titan (Depths:5)
  3 deep elf master archers (Elf:3)
  17 acid blobs
  2 liches
  4 tentacled starspawn (Abyss:3)
  6 quicksilver dragons
  2 death cobs
  3 thorn hunters
  An ancient champion (Vaults:3)
  5 sphinxes
  Kirke (Swamp:4)
  4 draconian monks
  8 storm dragons
  2 tengu reavers
  6 nagarajas
  11 azure jellies
  7 shadow dragons
  A daeva (Depths:4)
  10 deep elf sorcerers
  7 draconian knights
  Louise (D:14)
  8 fire giants
  An iron dragon (D:15)
  9 frost giants
  7 vault wardens
  2 ghost moths
  12 ironheart preservers
  3 draconian annihilators
  A draconian shifter (Zot:3)
  An orc warlord (Bailey)
  A balrug (D:8)
  A spriggan defender (Vaults:3)
  7 draconian scorchers
  8 deep elf elementalists
  7 very ugly things
  7 vampire knights
  21 stone giants
  10 deep elf demonologists
  8 green draconians
  11 deep elf annihilators
  A dire elephant (Lair:6)
  8 black draconians
  7 white draconians
  4 yellow draconians
  5 spark wasps
  Snorg (D:10)
  17 red draconians
  9 ettins
  8 purple draconians
  A crystal guardian (Vaults:4)
  10 death oozes
  A merfolk javelineer (Depths:3)
  6 deep elf death magi
  A green death (Depths:4)
  8 fire dragons
  14 yaktaur captains
  5 deep elf high priests
  23 hydras
  A monstrous demonspawn (Depths:2)
  3 vault guards (Vaults:4)
  5 spriggan air magi
  6 rakshasas
  A hell beast (Depths:4)
  12 naga warriors
  Erica (D:8)
  A shambling mangrove (Swamp:4)
  A catoblepas (Lair:6)
  12 great orbs of eyes
  11 anacondas
  A death knight (Vaults:4)
  6 ice dragons
  A two-headed ogre (shapeshifter) (Depths:5)
  A satyr (shapeshifter) (Vaults:3)
  24 dancing weapons
  8 tengu warriors
  12 alligators
  11 centaur warriors
  17 ogre magi
  The ghost of Vexag the Chopper, a novice HOMo (D:11)
  9 death yaks
  44 two-headed ogres
  2 vampire magi
  11 deep troll shamans
  5 deep troll earth magi
  3 hell hogs (Abyss:3)
  4 thrashing horrors (Abyss:3)
  4 orc high priests (Orc:2)
  Urug (D:12)
  11 naga sharpshooters
  7 shock serpents
  3 spriggan berserkers
  4 sun demons
  3 soul eaters
  24 deep elf knights
  3 skeletal warriors
  3 wretched stars (Abyss:3)
  4 iron trolls (Depths:3)
  5 salamander mystics
  4 sixfirhies
  A shadow wraith (Abyss:3)
  2 unseen horrors (shapeshifter)
  9 sea snakes (Snake:4)
  19 large abominations
  8 flayed ghosts
  A spatial maelstrom (Abyss:3)
  2 lindwurms (Depths:3)
  2 unseen horrors (Depths:3)
  8 naga ritualists
  5 wizards
  9 swamp dragons
  24 deep elf archers
  2 spriggan druids (Swamp:4)
  A swamp dragon (shapeshifter) (Abyss:3)
  An orange crystal statue (Vaults:4)
  10 ironbrand convokers
  A shadow demon (Depths:2)
  5 necromancers
  A phantasmal warrior (Vaults:4)
  4 glowing orange brains
  An obsidian statue (Vaults:2)
  23 deep trolls
  2 harpies (Vaults:4)
  A mana viper (shapeshifter) (Vaults:4)
  4 shining eyes
  8 mana vipers
  6 orc sorcerers
  59 deep elf magi
  35 ugly things
  18 orc knights
  2 human zombies
  5 wolf spiders
  4 worldbinders (Abyss:3)
  21 salamanders
  7 cyclopes
  3 oklob plants
  2 rust devils
  A manticore (D:14)
  19 naga magi
  9 elephants
  11 guardian serpents
  15 moths of wrath
  A toenail golem (Depths:5)
  3 gargoyles
  Psyche (D:11)
  38 black mambas
  8 vault sentinels
  3 eyes of devastation
  A spiny frog (shapeshifter) (D:15)
  A guardian serpent (shapeshifter) (Abyss:3)
  2 orange demons (Abyss:3)
  9 smoke demons
  A yaktaur zombie (Vaults:2)
  2 storm dragon simulacra
  20 spiny frogs
  A rime drake (Lair:3)
  Maggie (D:6)
  62 yaktaurs
  6 efreet
  10 freezing wraiths
  3 ancient zymes (Abyss:3)
  5 hellwings
  A kobold demonologist (D:11)
  A redback zombie (D:15)
  A rime drake (shapeshifter) (Vaults:4)
  3 komodo dragons
  6 tengu conjurers
  An ice devil (Depths:2)
  A red devil (Depths:4)
  A polar bear (Lair:6)
  11 tyrant leeches
  10 hornets
  6 trolls
  20 raiju (Abyss:3)
  7 bog bodies
  A jumping spider (shapeshifter) (Vaults:3)
  A blink frog (shapeshifter) (D:15)
  145 slime creatures
  12 blink frogs
  8 hippogriffs
  A meliai zombie (D:15)
  A centaur simulacrum (D:14)
  A shadow (Swamp:1)
  A redback (shapeshifter) (D:15)
  4 spriggans
  6 air elementals
  15 starcursed masses (Abyss:3)
  A vampire (D:10)
  3 ynoxinuls
  A spriggan (shapeshifter) (Vaults:4)
  8 wraiths
  23 yaks
  4 water elementals
  2 tarantellas (shapeshifter)
  2 wyverns (Lair:6)
  6 hogs
  A hog (shapeshifter) (D:14)
  3 basilisks
  7 fire bats (Depths:2)
  21 fire elementals
  16 humans
  14 small abominations
  3 hungry ghosts
  18 vampire mosquitoes
  2 chaos spawn (Depths:3)
  4 neqoxecs
  A spatial vortex (Abyss:3)
  Duvessa (D:6)
  61 nagas
  8 wargs
  2 acid dragons
  10 swamp worms
  14 water moccasins
  7 insubstantial wisps
  A floating eye (shapeshifter) (Depths:3)
  10 porcupines
  39 orc warriors
  10 swamp drakes
  4 sky beasts
  3 phantoms
  6 eyes of draining
  2 ice beasts
  An ettin simulacrum (Vaults:2)
  2 black bears (Lair:6)
  A hornet zombie (D:13)
  An eye of draining (shapeshifter) (Depths:4)
  An ogre (shapeshifter) (Vaults:4)
  12 boggarts
  A necrophage (D:14)
  58 ogres
  11 wolves (Lair:6)
  12 centaurs
  9 crocodiles
  3 big kobolds
  16 bullfrogs
  2 human skeletons
  A gnoll sergeant (D:7)
  Dowan (D:6)
  An earth elemental (Elf:3)
  A wyvern skeleton (D:13)
  2 scorpions (D:7)
  11 killer bees
  2 troll zombies (D:12)
  2 human simulacra (Vaults:2)
  10 wights (Abyss:3)
  4 howler monkeys (D:10)
  2 electric eels
  8 crimson imps
  5 centaur zombies
  4 quasits
  3 hounds
  9 jellies
  19 orc priests
  17 orc wizards
  3 bullfrog skeletons
  5 centaur skeletons
  4 iron imps
  2 iguanas
  10 worker ants
  6 ogre zombies (D:12)
  5 big kobold zombies (Ossuary)
  A hound zombie (D:6)
  2 mummies (Ossuary)
  A worker ant zombie (D:11)
  11 gnolls
  A howler monkey skeleton (D:5)
  10 adders
  3 shadow imps
  3 white imps (Depths:4)
  An ooze (D:5)
  7 adder zombies (Ossuary)
  2 adder skeletons
  A worm (D:2)
  2 leopard geckos
  80 orcs
  10 bats
  7 giant cockroaches
  13 goblins
  9 hobgoblins
  6 jackals
  25 kobolds
  8 quokkas
  2 ball pythons
  9 frilled lizards
  4 gnoll zombies
  3 goblin skeletons (D:12)
  4 goblin zombies (D:12)
  A hobgoblin skeleton (D:12)
  10 hobgoblin zombies
  4 kobold zombies (Ossuary)
  2 orc skeletons (D:12)
  19 orc zombies
  6 rats
  A rat zombie (D:6)
  5 briar patches (Swamp:4)
  14 fungi
  A lurking horror (Abyss:3)
  3 plants
  3 starspawn tentacles (Abyss:3)
2420 creatures vanquished.

Vanquished Creatures (collateral kills)
  A juggernaut (Depths:2)
  A Killer Klown (Zot:3)
  An electric golem (Zot:5)
  An Orb Guardian (Zot:5)
  2 tengu reavers (Depths:2)
  2 nagarajas (Snake:4)
  A stone giant (Depths:2)
  An eidolon (Vaults:3)
  A naga warrior (Snake:2)
  An ogre mage (Vaults:3)
  A death yak (Lair:5)
  A shock serpent (Snake:2)
  A naga sharpshooter (Snake:4)
  3 skeletal warriors (D:11)
  An iron troll (Depths:2)
  An ironbrand convoker (Vaults:3)
  A deep elf archer (Vaults:4)
  2 deep elf magi (Vaults:4)
  An orc sorcerer (Vaults:4)
  A manticore (D:15)
  A black mamba (Lair:6)
  A centaur zombie (D:12)
  A naga mage (Snake:4)
  A spiny frog (Lair:1)
  A yaktaur (Vaults:3)
  A spriggan (shapeshifter) (D:15)
  A yak (Lair:5)
  A naga (Snake:4)
  An orc warrior (Vaults:4)
  An orc (Bailey)
  A goblin (Bailey)
36 creatures vanquished.

Vanquished Creatures (others)
  A draconian knight (Zot:3)
  An ironheart preserver (Vaults:4)
  A white draconian (Zot:4)
  A naga warrior (Snake:4)
  A death knight (Vaults:4)
  An unseen horror (Abyss:3)
  4 deep elf magi
  A guardian serpent (Snake:4)
  A naga mage (Snake:1)
  A rime drake (Depths:3)
  4 humans (Swamp:4)
  2 small abominations (Abyss:3)
  A naga (Snake:4)
  A boggart (Depths:1)
  A killer bee (D:11)
  An orc wizard (Orc:2)
  An orc (D:14)
  12 fungi
  2 lurking horrors (Abyss:3)
  15 plants
  5 starspawn tentacles (Abyss:3)
58 creatures vanquished.

Grand Total: 2514 creatures vanquished

Notes
Turn   | Place    | Note
-------+----------+-------------------------------------------
     0 | D:1      | Gruesph the Hill Orc Berserker began the quest for the Orb.
     0 | D:1      | Reached XP level 1. HP: 19/19 MP: 1/1
   194 | D:1      | Reached XP level 2. HP: 23/27 MP: 2/2
   404 | D:1      | Reached skill level 4 in Fighting
   608 | D:1      | Reached skill level 5 in Axes
   613 | D:1      | Reached XP level 3. HP: 28/33 MP: 3/3
  1566 | D:2      | Reached ** piety under Trog
  1566 | D:2      | Reached XP level 4. HP: 41/41 MP: 4/4
  2127 | D:2      | Reached XP level 5. HP: 47/47 MP: 5/5
  3301 | D:3      | Reached skill level 5 in Fighting
  3319 | D:3      | Found a runed translucent door.
  3320 | D:3      | Noticed Crazy Yiuf
  3394 | D:3      | Reached XP level 6. HP: 56/56 MP: 6/6
  3470 | D:3      | Noticed a water moccasin
  3494 | D:3      | Killed a water moccasin
  4170 | D:4      | Found a blossoming altar of Fedhas.
  4217 | D:4      | Reached skill level 6 in Fighting
  4222 | D:4      | Reached XP level 7. HP: 18/63 MP: 7/7
  4225 | D:4      | HP: 3/63 [poisoned by an orc wizard]
  4540 | D:4      | Found a staircase to the Ecumenical Temple.
  5084 | D:5      | Entered Level 5 of the Dungeon
  5084 | D:5      | Found a bloodstained altar of Trog.
  5520 | D:5      | Found an iron altar of Okawaru.
  5619 | D:5      | Reached skill level 7 in Fighting
  5619 | D:5      | Reached skill level 10 in Axes
  5619 | D:5      | Reached XP level 8. HP: 73/73 MP: 8/8
  6176 | D:6      | Found a sand-covered staircase.
  6190 | Ossuary  | Entered an ossuary
  6301 | Ossuary  | Reached skill level 8 in Fighting
  6365 | Ossuary  | Reached *** piety under Trog
  6709 | D:6      | Got a shimmering robe
  6844 | D:6      | Noticed Maggie
  6871 | D:6      | Killed Maggie
  6871 | D:6      | Reached XP level 9. HP: 82/82 MP: 9/9
  6928 | D:6      | Noticed Duvessa
  6929 | D:6      | Noticed Dowan
  6932 | D:6      | Killed Duvessa
  6956 | D:6      | Killed Dowan
  7154 | D:7      | Reached skill level 9 in Fighting
  7154 | D:7      | Reached skill level 1 in Evocations
  7878 | D:7      | Reached XP level 10. HP: 93/93 MP: 10/12
  7911 | D:7      | Found a shattered altar of Ashenzari.
  7981 | D:7      | Reached skill level 10 in Fighting
  7981 | D:7      | Reached skill level 1 in Shields
  8304 | D:8      | Found a staircase to the Lair.
  8389 | D:8      | Reached **** piety under Trog
  8733 | D:8      | Noticed Erica
  8761 | D:8      | Killed Erica
  9477 | Lair:1   | Entered Level 1 of the Lair of Beasts
  9789 | Lair:1   | Reached skill level 5 in Evocations
  9818 | Lair:1   | Noticed a spiny frog
  9826 | Lair:1   | Killed a spiny frog
 10145 | Lair:1   | Reached skill level 11 in Fighting
 10145 | Lair:1   | Reached skill level 5 in Armour
 10360 | Lair:1   | Reached XP level 11. HP: 86/102 MP: 14/14
 10421 | Lair:1   | Noticed an eight-headed hydra
 10450 | Lair:1   | Killed a seven-headed hydra
 10450 | Lair:1   | Reached skill level 5 in Shields
 11894 | Lair:2   | Reached skill level 12 in Fighting
 13641 | Lair:3   | Reached XP level 12. HP: 113/113 MP: 16/16
 14721 | Lair:3   | Reached skill level 13 in Fighting
 15063 | Lair:4   | Found a staircase to the Snake Pit.
 15763 | Lair:4   | Found a staircase to the Swamp.
 16129 | Lair:4   | Got a slimy chain mail
 16454 | Lair:4   | Identified the +2 chain mail of Untruth {Slay+2} (You found
                  | it on level 4 of the Lair of Beasts)
 16470 | Lair:4   | Identified a scroll of acquirement
 16477 | Lair:4   | Identified a +2 pair of boots of running (You acquired it
                  | on level 4 of the Lair of Beasts)
 16505 | Lair:5   | Noticed a seven-headed hydra
 16510 | Lair:5   | Killed a five-headed hydra
 17299 | Lair:5   | Noticed a death yak
 17299 | Lair:5   | Noticed a death yak
 17301 | Lair:5   | Noticed a death yak
 17314 | Lair:5   | Noticed a death yak
 17315 | Lair:5   | Killed a death yak
 17315 | Lair:5   | Noticed a death yak
 17315 | Lair:5   | Noticed a death yak
 17326 | Lair:5   | Killed a death yak
 17331 | Lair:5   | Killed a death yak
 17332 | Lair:5   | Reached skill level 10 in Armour
 17344 | Lair:5   | Killed a death yak
 17351 | Lair:5   | Killed a death yak
 17351 | Lair:5   | Reached skill level 14 in Fighting
 17358 | Lair:5   | Killed a death yak
 17358 | Lair:5   | Reached skill level 10 in Shields
 17358 | Lair:5   | Reached XP level 13. HP: 99/124 MP: 17/17
 17789 | Lair:6   | Entered Level 6 of the Lair of Beasts
 18628 | Lair:6   | Noticed a dire elephant
 18652 | Lair:6   | Killed a dire elephant
 18776 | Lair:6   | Got a jewelled mace
 18816 | Lair:6   | Reached skill level 15 in Fighting
 19217 | Lair:6   | Identified the cursed +0 mace "Naocso" {drain, rC+ MR+
                  | Dex+4 Stlth+} (You found it on level 6 of the Lair of
                  | Beasts)
 19440 | Lair:6   | Found a viscous altar of Jiyva.
 19441 | Lair:6   | Found a staircase to the Slime Pits.
 20494 | D:10     | Entered Level 10 of the Dungeon
 20529 | D:10     | Noticed Snorg
 20544 | D:10     | Killed Snorg
 20652 | D:10     | Noticed Raspi's ghost (novice GrFi)
 20653 | D:10     | Found a runed translucent door.
 21586 | D:11     | Noticed Psyche
 21606 | D:11     | Reached XP level 14. HP: 135/135 MP: 18/18
 21609 | D:11     | Reached ***** piety under Trog
 21645 | D:11     | Killed Psyche
 21717 | D:11     | Found a runed translucent gate.
 21717 | D:11     | Noticed Vexag's ghost (novice HOMo)
 21718 | D:11     | Found a runed translucent gate.
 21719 | D:11     | Found a runed translucent gate.
 22449 | D:11     | Identified the +5 mace "Vamaunt" {venom, rElec rC+ rN+
                  | Str-2}
 22450 | D:11     | Found a roughly hewn altar of Beogh.
 22804 | D:11     | Killed Vexag's ghost
 22806 | D:11     | Received a gift from Trog
 22926 | D:11     | Got a pair of distressingly furry gloves
 22933 | D:11     | Identified the +2 pair of gloves of Squeaky Life {rN+
                  | Dex+4} (You found it on level 11 of the Dungeon)
 23040 | D:12     | Noticed Urug
 23052 | D:12     | Killed Urug
 23335 | D:12     | Found a staircase to the Orcish Mines.
 23976 | D:13     | Found a gate to the Vaults.
 23976 | D:13     | Noticed Rupert
 24061 | D:13     | Killed Rupert
 24079 | D:13     | Reached skill level 15 in Axes
 25222 | D:14     | Noticed Louise
 25251 | D:14     | Killed Louise
 25256 | D:14     | Received a gift from Trog
 25758 | D:14     | Found a flagged portal.
 25766 | Bailey   | Entered a bailey
 25771 | Bailey   | Noticed an orc warlord
 25920 | Bailey   | Found a runed translucent gate.
 25922 | Bailey   | Found a runed translucent gate.
 25924 | Bailey   | Found a runed translucent gate.
 26029 | Bailey   | Killed an orc warlord
 26129 | D:14     | Reached XP level 15. HP: 132/143 MP: 19/19
 26337 | D:14     | Identified Roxanne's Catalogue of the Mountains
 26337 | D:14     | Noticed Roxanne
 26539 | D:14     | Reached XP level 16. HP: 151/151 MP: 6/20
 26541 | D:15     | Entered Level 15 of the Dungeon
 26725 | D:15     | Found the +4 Cigotuvi's embrace {rRot *Drain rN+}
 26790 | D:15     | Reached skill level 16 in Fighting
 27011 | D:15     | Found a staircase to the Depths.
 27333 | D:15     | Got the +2 helmet of Compression {-Cast rN++ Str+2 Dex+4}
 27542 | Orc:1    | Entered Level 1 of the Orcish Mines
 27575 | Orc:1    | Received a gift from Trog
 27692 | Orc:1    | Found a roughly hewn altar of Beogh.
 27696 | Orc:1    | Noticed Jorgrun
 27719 | Orc:1    | Killed Jorgrun
 27922 | Orc:2    | Entered Level 2 of the Orcish Mines
 28097 | Orc:2    | Found a staircase to the Elven Halls.
 28940 | Orc:2    | Paralysed by an orc sorcerer for 6 turns
 29264 | Orc:2    | Found Tijubih's Jewellery Boutique.
 29264 | Orc:2    | Found Wucvauphoa's Armour Shoppe.
 29266 | Orc:2    | Found Reredoma's Armour Shoppe.
 29266 | Orc:2    | Found Byatirph's General Store.
 29388 | Orc:2    | Found a staircase to the Elven Halls.
 29980 | Swamp:1  | Entered Level 1 of the Swamp
 30517 | Swamp:1  | Reached skill level 15 in Shields
 30524 | Swamp:1  | Received a gift from Trog
 31325 | Swamp:2  | Reached skill level 17 in Fighting
 31781 | Swamp:2  | Reached XP level 17. HP: 95/161 MP: 7/22
 32149 | Swamp:2  | Reached skill level 1 in Throwing
 32297 | Swamp:2  | Got a pair of dazzling gloves
 32298 | Swamp:2  | Identified the +1 pair of gloves of Reniesabee {Harm Int-5
                  | Slay+5 Stlth+} (You found it on level 2 of the Swamp)
 32768 | Swamp:2  | Got the +1 pair of gloves of Undesirable Species {rElec rF+
                  | Dex-4}
 33428 | Swamp:3  | Received a gift from Trog
 33614 | Swamp:3  | Identified the Grimoire of Ashen Execration
 33800 | Swamp:4  | Entered Level 4 of the Swamp
 34602 | Swamp:4  | Noticed Kirke
 34618 | Swamp:4  | Killed Kirke
 34687 | Swamp:4  | Got an ivory war axe
 34688 | Swamp:4  | Identified the +3 war axe "Rigyheph" {protect, *Drain MR++
                  | Int+2 Stlth+} (You found it on level 4 of the Swamp)
 36026 | Swamp:4  | Got a decaying rune of Zot
 36057 | Swamp:4  | Reached skill level 18 in Fighting
 36341 | Snake:1  | Entered Level 1 of the Snake Pit
 36515 | Snake:1  | Reached skill level 5 in Throwing
 36763 | Snake:1  | Found the +6 lightning scales {run, rElec}
 36788 | Snake:1  | Reached skill level 15 in Armour
 37267 | Snake:2  | Got a fine plate armour
 37268 | Snake:2  | Identified the +8 plate armour "Sowkofug" {Slay+2} (You
                  | found it on level 2 of the Snake Pit)
 37512 | Snake:2  | Found Caahaema's Jewellery Emporium.
 37517 | Snake:2  | Found Odusot's Jewellery Emporium.
 37548 | Snake:2  | Reached XP level 18. HP: 165/172 MP: 8/25
 38106 | Snake:2  | Found a runed translucent gate.
 38107 | Snake:2  | Found a runed translucent gate.
 38107 | Snake:2  | Noticed Smee's ghost (adept MiFi)
 38109 | Snake:2  | Found a runed translucent gate.
 38520 | Snake:2  | Reached skill level 10 in Evocations
 38536 | Snake:2  | Received a gift from Trog
 38553 | Snake:2  | Killed Smee's ghost
 38682 | Snake:2  | Got a warped ivory ring
 38686 | Snake:2  | Identified the ring "Ozeosyse" {Fire rElec Dex+3 SInv} (You
                  | found it on level 2 of the Snake Pit)
 39154 | Snake:3  | Found a runed translucent door.
 39178 | Snake:3  | Noticed Smee's ghost (adept MiFi)
 39526 | Snake:3  | Noticed Saint Roka
 39553 | Snake:3  | Killed Saint Roka
 40071 | Snake:4  | Entered Level 4 of the Snake Pit
 40194 | Snake:4  | Reached skill level 19 in Fighting
 40737 | Snake:4  | Reached XP level 19. HP: 171/182 MP: 26/26
 41188 | Snake:4  | Found Cunweoqi's Gadget Boutique.
 41189 | Snake:4  | Found Ogirghopn's Jewellery Emporium.
 41190 | Snake:4  | Found Fiawk's Gadget Boutique.
 41484 | Snake:4  | Reached skill level 5 in Dodging
 41492 | Snake:4  | Reached ****** piety under Trog
 41492 | Snake:4  | Received a gift from Trog
 42193 | Snake:4  | Got a serpentine rune of Zot
 42256 | Snake:4  | Bought the amulet "Xiass" {Acrobat rN+} for 659 gold pieces
 42259 | Snake:4  | Bought a wand of acid (13) for 442 gold pieces
 42263 | Snake:4  | Bought a wand of polymorph (7) for 135 gold pieces
 42357 | Snake:2  | Bought an uncursed ring of protection from magic for 325
                  | gold pieces
 42611 | Vaults:1 | Entered Level 1 of the Vaults
 43033 | Vaults:1 | Found a large runed translucent door.
 43033 | Vaults:1 | Found a large runed translucent door.
 43033 | Vaults:1 | Found a large runed translucent door.
 43033 | Vaults:1 | Found a large runed translucent door.
 43033 | Vaults:1 | Found a large runed translucent door.
 43033 | Vaults:1 | Found a large runed translucent door.
 43033 | Vaults:1 | Found a large runed translucent door.
 43033 | Vaults:1 | Found a large runed translucent door.
 43033 | Vaults:1 | Noticed TPoD's ghost (adept HOMo)
 43144 | Vaults:1 | Received a gift from Trog
 43282 | Vaults:1 | Noticed Nikola
 43301 | Vaults:1 | Killed Nikola
 43937 | Vaults:1 | Reached skill level 20 in Fighting
 44212 | Vaults:1 | Reached XP level 20. HP: 190/193 MP: 27/27
 44652 | Vaults:2 | Reached skill level 10 in Throwing
 45223 | Vaults:2 | Received a gift from Trog
 45629 | Vaults:2 | Found a gateway to a bazaar.
 46235 | Bazaar   | Entered a bazaar
 46237 | Bazaar   | Found Piqegi's Assorted Antiques.
 46241 | Bazaar   | Found Pushriegu's General Store.
 46244 | Bazaar   | Bought a scroll of magic mapping for 80 gold pieces
 46244 | Bazaar   | Bought a scroll of fear for 80 gold pieces
 46244 | Bazaar   | Bought a scroll of immolation for 80 gold pieces
 46244 | Bazaar   | Bought a scroll of summoning for 218 gold pieces
 46246 | Bazaar   | Found Ogeshafo's General Store.
 46249 | Bazaar   | Bought a wand of iceblast (10) for 266 gold pieces
 46255 | Bazaar   | Bought a potion of curing for 36 gold pieces
 46256 | Bazaar   | Found Bieqyfud's Jewellery Emporium.
 46551 | Vaults:3 | Found Ewief's Magic Scroll Shop.
 46558 | Vaults:3 | Bought a scroll of magic mapping for 66 gold pieces
 46558 | Vaults:3 | Bought a scroll of teleportation for 57 gold pieces
 46558 | Vaults:3 | Bought a scroll of fog for 38 gold pieces
 46558 | Vaults:3 | Bought a scroll of acquirement for 988 gold pieces
 46561 | Vaults:3 | Got the amulet of Dishonour {Reflect rElec Str+4 Int+2 SH+5
                  | Stlth+}
 46715 | Vaults:3 | Received a gift from Trog
 46761 | Vaults:3 | Reached skill level 21 in Fighting
 47423 | Vaults:3 | Found a staircase to the Crypt.
 47468 | Vaults:3 | Noticed Asterion
 47479 | Vaults:3 | Killed Asterion
 47479 | Vaults:3 | Reached XP level 21. HP: 204/204 MP: 28/28
 47965 | Vaults:4 | Received a gift from Trog
 48216 | Vaults:4 | Reached skill level 10 in Dodging
 48292 | Vaults:4 | Noticed Frederick
 48303 | Vaults:4 | Killed Frederick
 48414 | Vaults:4 | Reached skill level 22 in Fighting
 48572 | Vaults:4 | Received a gift from Trog
 49087 | Vaults:4 | Reached XP level 22. HP: 205/216 MP: 29/29
 49783 | Elf:1    | Entered Level 1 of the Elven Halls
 49818 | Elf:1    | Cast into level 2 of the Abyss (a deep elf demonologist)
 49847 | Abyss:3  | Found a corrupted altar of Lugonu.
 49928 | Abyss:3  | Found a stormy altar of Qazlal.
 50266 | Abyss:3  | Paralysed by accursed screaming for 1 turns
 50357 | Elf:1    | Escaped the Abyss
 50631 | Elf:1    | Received a gift from Trog
 51220 | Elf:2    | Found Fionir's Antique Armour Shoppe.
 51421 | Elf:2    | Received a gift from Trog
 51557 | Elf:2    | Found a runed translucent gate.
 51557 | Elf:2    | Found a runed translucent gate.
 51557 | Elf:2    | Found a runed translucent gate.
 51981 | Elf:2    | Reached skill level 23 in Fighting
 52476 | Elf:3    | Entered Level 3 of the Elven Halls
 53001 | Elf:3    | Received a gift from Trog
 53333 | Elf:3    | Reached XP level 23. HP: 176/227 MP: 30/30
 53342 | Elf:3    | Received a gift from Trog
 53630 | Elf:3    | Got an ichor-stained quarterstaff
 53637 | Elf:3    | Got a scintillating pewter ring
 53638 | Elf:3    | Identified the ring of Caadougoux {rC++ rN+} (You found it
                  | on level 3 of the Elven Halls)
 53645 | Elf:3    | Identified the Tome of Talismans and Moulding
 53652 | Elf:3    | Got a slimy jade ring
 53653 | Elf:3    | Identified the ring "Ysioh" {rN+ Int+2} (You found it on
                  | level 3 of the Elven Halls)
 53663 | Elf:3    | Got a pair of distressingly furry boots
 53664 | Elf:3    | Identified the +0 pair of boots of Tenacity {Dex+4} (You
                  | found it on level 3 of the Elven Halls)
 53934 | Elf:3    | Identified the +4 chain mail of Gaobo {MR+ Regen+} (You
                  | found it on level 3 of the Elven Halls)
 54194 | Depths:1 | Entered Level 1 of the Depths
 54602 | D:15     | Received a gift from Trog
 54684 | Depths:1 | Reached skill level 24 in Fighting
 54837 | Depths:1 | Found a gateway to Hell.
 55622 | Depths:2 | Reached XP level 24. HP: 219/239 MP: 30/30
 55903 | Depths:2 | Received a gift from Trog
 56187 | Depths:2 | Found a runed translucent door.
 56187 | Depths:2 | Found a runed translucent door.
 56187 | Depths:2 | Noticed a juggernaut
 56723 | Depths:2 | Noticed a juggernaut
 56727 | Depths:2 | Killed a juggernaut
 56856 | Depths:2 | Got a shimmering short sword
 57213 | Depths:2 | Found a one-way gate leading to the halls of Pandemonium.
 57342 | Depths:3 | Received a gift from Trog
 57370 | Depths:3 | Got a smoking hand axe {god gift}
 57743 | Depths:3 | Reached skill level 25 in Fighting
 57980 | Depths:3 | Found a one-way gate to the infinite horrors of the Abyss.
 58152 | Depths:3 | Got an encrusted halberd
 58175 | Depths:3 | Found a gateway to a ziggurat.
 59602 | Depths:4 | Got a faintly humming scale mail
 59634 | Depths:4 | Identified the +9 scale mail of Vehumet's Envy {*Contam
                  | rPois Int+5 Dex+2} (You found it on level 4 of the Depths)
 59664 | Depths:4 | Received a gift from Trog
 59665 | Depths:4 | Got an ancient hand axe {god gift}
 59863 | Depths:4 | Reached skill level 15 in Throwing
 60148 | Depths:4 | You fall into a shaft and drop 1 floor!
 60148 | Depths:5 | Entered Level 5 of the Depths
 60518 | Depths:4 | Found a glowing golden altar of the Shining One.
 60808 | Depths:5 | Reached XP level 25. HP: 197/250 MP: 30/30
 60940 | Depths:5 | Found an ornate altar of the Wu Jian Council.
 60940 | Depths:5 | Found a sparkling altar of Nemelex Xobeh.
 60941 | Depths:5 | Found a basalt altar of Yredelemnul.
 61195 | Depths:5 | Found a gate to the Realm of Zot.
 62157 | Vaults:3 | Bought a scroll of enchant weapon for 142 gold pieces
 62157 | Vaults:3 | Bought a scroll of enchant armour for 142 gold pieces
 62634 | Depths:5 | Identified the ring of Bohoask {rN+ Int+7 Stlth+}
 62710 | Depths:5 | Found the +0 mask of the Dragon {MR+ Slay+3 SInv}
 63565 | Depths:5 | Received a gift from Trog
 63635 | Depths:5 | Reached skill level 26 in Fighting
 64164 | Slime:1  | Entered Level 1 of the Pits of Slime
 64327 | Slime:2  | Gained mutation: You are frail. (-10% HP) [a shining eye]
 64699 | Slime:4  | Gained mutation: Scrolls take you a little longer to read.
                  | [a shining eye]
 64770 | Slime:4  | Gained mutation: You tend to lose your temper in combat. [a
                  | shining eye]
 64807 | Slime:4  | Reached XP level 26. HP: 216/234 MP: 30/30
 64871 | Slime:4  | Lost mutation: Scrolls take you a little longer to read.
                  | [potion of mutation]
 64871 | Slime:4  | Lost mutation: You tend to lose your temper in combat.
                  | [potion of mutation]
 64871 | Slime:4  | Gained mutation: You are resistant to electric shocks.
                  | (rElec) [potion of mutation]
 64871 | Slime:4  | Gained mutation: You are very frail. (-20% HP) [potion of
                  | mutation]
 64871 | Slime:4  | Gained mutation: You are weak. (Str -2) [potion of
                  | mutation]
 64871 | Slime:4  | Gained mutation: Your system is resistant to poisons.
                  | (rPois) [potion of mutation]
 64872 | Slime:4  | Lost mutation: You are very frail. (-20% HP) [potion of
                  | mutation]
 64872 | Slime:4  | Lost mutation: Your system is resistant to poisons. (rPois)
                  | [potion of mutation]
 64872 | Slime:4  | Gained mutation: You are surrounded by a mild repulsion
                  | field. (EV +2) [potion of mutation]
 64872 | Slime:4  | Gained mutation: You are partially covered in yellow
                  | scales. (AC +2) [potion of mutation]
 64926 | Slime:5  | Entered Level 5 of the Pits of Slime
 65202 | Slime:5  | Noticed the Royal Jelly
 65213 | Slime:5  | Killed the Royal Jelly
 65734 | Slime:5  | Got a pitted quarterstaff
 65738 | Slime:5  | Got a scorched cloak
 65739 | Slime:5  | Identified the cursed +0 cloak of Saontesi {*Contam rPois
                  | rC+} (You found it on level 5 of the Pits of Slime)
 65760 | Slime:5  | Identified the Grimoire of Black Rituals and Protection
 65809 | Slime:5  | Got a slimy rune of Zot
 65847 | Slime:5  | Got a transparent lajatang
 66658 | Zot:1    | Entered Level 1 of the Realm of Zot
 66705 | Zot:1    | Found a transporter.
 66745 | Zot:1    | Received a gift from Trog
 66849 | Zot:1    | Found a transporter.
 67596 | Zot:2    | Noticed an orb of fire
 67623 | Zot:2    | Killed an orb of fire
 67996 | Zot:2    | Reached skill level 27 in Fighting
 68523 | Zot:2    | Reached skill level 15 in Dodging
 69216 | Zot:3    | Found a runed translucent gate.
 69216 | Zot:3    | Found a runed translucent gate.
 69216 | Zot:3    | Found a runed translucent gate.
 69314 | Zot:3    | Noticed Beuseq's ghost (master GnFi)
 69853 | Zot:3    | Reached XP level 27. HP: 240/245 MP: 30/30
 70323 | Zot:3    | Noticed an orb of fire
 70335 | Zot:3    | Noticed an orb of fire
 70364 | Zot:3    | Killed an orb of fire
 70388 | Zot:3    | Killed an orb of fire
 70749 | Zot:3    | Received a gift from Trog
 71042 | Zot:3    | Cast into level 3 of the Abyss (Killer Klown)
 71512 | Abyss:3  | Found a corrupted altar of Lugonu.
 71763 | Zot:3    | Escaped the Abyss
 73585 | Zot:5    | Entered Level 5 of the Realm of Zot
 74393 | Zot:5    | Received a gift from Trog
 74394 | Zot:5    | Noticed an ancient lich
 74534 | Zot:5    | Noticed an orb of fire
 74542 | Zot:5    | Noticed an orb of fire
 74542 | Zot:5    | Gained mutation: You are very weak. (Str -4) [an orb of
                  | fire]
 74544 | Zot:5    | Gained mutation: Armour fits poorly on your strangely
                  | shaped body. [an orb of fire]
 74554 | Zot:5    | Gained mutation: Your body sometimes deteriorates upon
                  | taking damage. [an orb of fire]
 74556 | Zot:5    | Noticed an orb of fire
 74566 | Zot:5    | Killed an orb of fire
 74572 | Zot:5    | Noticed an orb of fire
 74572 | Zot:5    | Noticed an ancient lich
 74572 | Zot:5    | Gained mutation: Scrolls take you a little longer to read.
                  | [an orb of fire]
 74573 | Zot:5    | Gained mutation: You tend to lose your temper in combat.
                  | [an orb of fire]
 74575 | Zot:5    | Lost mutation: Scrolls take you a little longer to read.
                  | [an orb of fire]
 74578 | Zot:5    | Killed an orb of fire
 74587 | Zot:5    | Killed an ancient lich
 74590 | Zot:5    | Gained mutation: You are occasionally teleported next to
                  | monsters. [an orb of fire]
 74594 | Zot:5    | Killed an orb of fire
 74604 | Zot:5    | Gained mutation: Scrolls take you a little longer to read.
                  | [an orb of fire]
 74607 | Zot:5    | Killed an orb of fire
 74652 | Zot:5    | Killed an ancient lich
 74945 | Zot:4    | Lost mutation: Scrolls take you a little longer to read.
                  | [potion of mutation]
 74945 | Zot:4    | Lost mutation: You are very weak. (Str -4) [potion of
                  | mutation]
 74945 | Zot:4    | Lost mutation: You are weak. (Str -2) [potion of mutation]
 74945 | Zot:4    | Gained mutation: You have a pair of small antennae on your
                  | head. [potion of mutation]
 74948 | Zot:4    | Lost mutation: You are frail. (-10% HP) [potion of
                  | mutation]
 74948 | Zot:4    | Lost mutation: You have a pair of small antennae on your
                  | head. [potion of mutation]
 74948 | Zot:4    | Gained mutation: You have large cloven feet. [potion of
                  | mutation]
 74948 | Zot:4    | Gained mutation: Your body often deteriorates upon taking
                  | damage. [potion of mutation]
 74948 | Zot:4    | Lost mutation: You tend to lose your temper in combat.
                  | [potion of mutation]
 75069 | Zot:5    | Noticed an orb of fire
 75075 | Zot:5    | Killed an orb of fire
 75430 | Zot:5    | Noticed an orb of fire
 75431 | Zot:5    | Noticed an orb of fire
 75462 | Zot:5    | Noticed an ancient lich
 75472 | Zot:5    | Killed an ancient lich
 75483 | Zot:5    | Noticed an ancient lich
 75494 | Zot:5    | Killed an orb of fire
 75502 | Zot:5    | Gained mutation: You are frail. (-10% HP) [an orb of fire]
 75505 | Zot:5    | Killed an orb of fire
 75505 | Zot:5    | Killed an ancient lich
 75745 | Zot:4    | Lost mutation: Armour fits poorly on your strangely shaped
                  | body. [potion of mutation]
 75745 | Zot:4    | Lost mutation: You have large cloven feet. [potion of
                  | mutation]
 75745 | Zot:4    | Lost mutation: You are surrounded by a mild repulsion
                  | field. (EV +2) [potion of mutation]
 75745 | Zot:4    | Lost mutation: You are frail. (-10% HP) [potion of
                  | mutation]
 75745 | Zot:4    | Gained mutation: Your spells are a little harder to cast,
                  | but a little more powerful. [potion of mutation]
 76656 | Zot:5    | Got the Orb of Zot
 76796 | Zot:1    | Noticed Etitop the pandemonium lord
 76891 | Depths:5 | Received a gift from Trog
 77296 | D:11     | Noticed Qoklan the pandemonium lord
 77524 | D:7      | Noticed Viris the pandemonium lord
 77768 | D:$      | Escaped with the Orb!

Illustrated notes

Levels and vault maps discovered:
D:1:      elethiomel_arrival_shortcut, layout_loops_ring, minmay_unequal
D:2:      layout_basic
D:3:      layout_loops_ring, first_ration, uniq_crazy_yiuf_cottage
D:4:      layout_loops_ring, temple_green, fedhas_altar_3
D:5:      layout_gridville, bloody_trog, basic_altar
D:6:      layout_loops_ring, enter_ossuary_3, uniq_maggie, uniq_duvessa
D:7:      layout_basic, grunt_livestock, chequers_serial_rivers_small_b,
          chequers_mini_garden, ashenzari_altar_1
D:8:      layout_basic, lair_entry_dummy, uniq_erica
D:9:      layout_loops_ring
D:10:     layout_gridville, ebering_ghost_inner_flame, uniq_snorg
D:11:     layout_irregular_city, biasface_ghost_orc_armoury, uniq_psyche
D:12:     layout_irregular_city, zombieorc2_lemuel, uniq_urug
D:13:     layout_irregular_city, david_vaults_3
D:14:     layout_basic, lightli_bailey_entry_fortress, minmay_holes,
          uniq_louise, uniq_roxanne
D:15:     gammafunk_enter_depths_forms, layout_cave_pools, minmay_misc_feat_chi
Lair:1:   layout_roguey, small_statue_intersection, serial_bayou_pond_d,
          hangedman_lair_generics_rect
Lair:2:   layout_misc_corridors, nicolae_volcano_entry_s_turn,
          grunt_megastairs_5
Lair:3:   dpeg_oklob_gauntlet, layout_chaotic_city, serial_bayou_lagoon_a
Lair:4:   layout_cave_pods, nicolae_swamp_entry_splash_gauntlet,
          dummy_snake_entry
Lair:5:   layout_regular_city
Lair:6:   grunt_lair_end_beastmaster, layout_regular_city,
          dpeg_slime_entry_enclosed_altar, grunt_megastairs_3,
          serial_bayou_shore_a
Swamp:1:  layout_falls_marsh, serial_swamp_ruin, evilmike_swamp_ruin_house_3,
          evilmike_swamp_ruin_house_2, infiniplex_staircase_pool_2
Swamp:2:  layout_basic_swamp, nicolae_swamp_trees_clearing
Swamp:3:  layout_basic_swamp, evilmike_swamp_ruin_house_4
Swamp:4:  swamp, layout_basic_swamp, swamp_pool1, uniq_kirke
Snake:1:  layout_misc_corridors
Snake:2:  layout_onion, gammafunk_ghost_split, minmay_shop_star
Snake:3:  layout_misc_corridors, ebering_ghost_inner_flame,
          fake_guardian_serpent_vault, uniq_saint_roka
Snake:4:  grunt_snake_rune_pools, layout_basic, drop_trap, minmay_shop_grove
Slime:1:  layout_caves
Slime:2:  layout_caves, nicolae_slime_welcoming_committee
Slime:3:  layout_caves
Slime:4:  layout_caves, basic_altar, cheibrodos_slime_lost_civilization_6
Slime:5
Orc:1:    layout_caves, basic_altar, uniq_jorgrun
Orc:2:    grunt_orc_tribal_feast, layout_caves, lightli_orcish_oven
Elf:1:    elf_arrival_001, layout_rooms, evilmike_minifort
Elf:2:    layout_gridlike, serial_shops, nicolae_shop_overgrown_old_shop,
          feat_on_display
Elf:3:    minmay_elf_hall_four_x, layout_geoelf_grid, serial_sigils,
          serial_sigils_hangedman_leer, serial_sigils_hangedman_scratch,
          serial_sigils_hangedman_snap, serial_sigils_hangedman_carve,
          grunt_ministairs_2, nrook_mini_backslash
Vaults:1: advil_vaults_ghost_lines, v_misc_33, vaults_mumra_hex,
          nicolae_vaults_specimen_jars, v_misc_5, v_misc_18, v_misc_31,
          v_misc_28, nicolae_vaults_shelves_hall, vaults_room_door_ring,
          v_misc_17, vaults_room_stairs_pillars, nicolae_vaults_gold_heap,
          nicolae_vaults_rhombus_5, nicolae_vaults_little_squares_6,
          layout_vaults_maze_snakey, uniq_nikola
Vaults:2: v_misc_5, v_alt_pattern_6, vaults_standard_mumra_enter_the_diamond,
          v_misc_9, nicolae_vaults_big_ls, vaults_dpeg_encased_lava,
          vaults_room_door_hall, grunt_vaults_hallway_short, vaults_dpeg_ring,
          ontoclasm_vaults_shuriken, layout_vaults_omnicross, serial_shops,
          statue_bzr
Vaults:3: v_misc_12, vaults_dpeg_cross, nicolae_vaults_border_crossing,
          minmay_crypt_entry_simple_corners, v_misc_18, v_misc_24,
          sword_in_stone, vaults_room_large_hall, layout_vaults_big_room,
          serial_shops, nicolae_shop_trees
Vaults:4: v_pattern_5, vaults_room_boxed, hangedman_vaults_stitches, v_rooms_3,
          grunt_vaults_hallway_short, nicolae_vaults_yaktaur_gun_rack,
          nicolae_vaults_ring_of_whatevers, dpeg_vaults_monster_row,
          nicolae_vaults_angled_halls, nicolae_vaults_statue_guard,
          nicolae_vaults_little_squares_2, layout_vaults_omnibox,
          uniq_frederick, uniq_margery
Depths:1: layout_cave_shapes, hell_entry, bh_walls_and_bars,
          serial_bayou_shore_b
Depths:2: minmay_the_grid_four_pointed_star [minmay_the_grid_triangle_9x9_alien,
          minmay_the_grid_triangle_9x9_wacky_v,
          minmay_the_grid_triangle_9x9_tough_junction,
          minmay_the_grid_triangle_9x9_windchime,
          minmay_the_grid_prize_diamond_cup], layout_basic,
          rand_demon_pan_entry_9, hell_entry, chequers_serial_rivers_large_b
Depths:3: gold_lair_mu, layout_cave_pools, enter_ziggurat_f,
          minmay_room_of_horrors, grunt_hell_entry_dis_mu, pan_entry,
          minmay_misc_feat_encased, infiniplex_staircase_squiggle
Depths:4: abrahamwl_protected_by_tso_3, layout_small_grid,
          hangedman_abyss_entry_splay, hangedman_tar_grid_catacomb,
          grunt_pan_entry_zigzag, minmay_misc_feat_tiny, minmay_staircase_bubble
Depths:5: hangedman_slaughterboxes, serial_shops, hell_entry
Zot:1:    gammafunk_dig_for_victory, layout_basic
Zot:2:    layout_concentric_octagons
Zot:3:    lemuel_firehouse, layout_concentric_octagons, gammafunk_ghost_split
Zot:4:    layout_gridlike, st_stairs_6
Zot:5:    layout_twisted_circle

Skill      XL: |  1  2  3  4  5  6  7  8  9 10 11 12 13 14 15 16 17 18 19 20 21 22 23 24 25 26 27 |
---------------+----------------------------------------------------------------------------------+-----
Fighting       | 4 5 6 7 8 9 11 12 14 15 17 18 19 20 21 22 23 24 25 26 27 | 27.0
Axes           | 5 6 7 8 10 12 14 16 17 18 | 18.0
Evocations     | 3 5 6 7 9 10 | 10.0
Shields        | 4 7 10 11 14 15 16 19 | 19.7
Armour         | 5 8 10 12 13 15 16 17 18 19 20 21 22 23 26 | 26.0
Throwing       | 5 7 9 10 12 13 15 16 | 16.0
Dodging        | 4 6 9 10 12 15 18 | 18.6

Action                   |  1- 3 |  4- 6 |  7- 9 | 10-12 | 13-15 | 16-18 | 19-21 | 22-24 | 25-27 || total
-------------------------+-------+-------+-------+-------+-------+-------+-------+-------+-------++-------
Melee: Hand axe          |   107 |   167 |   537 |   834 |   729 |       |       |       |       ||  2374
       Scimitar          |       |       |       |     4 |    15 |   114 |       |       |       ||   133
       War axe           |       |       |       |       |   563 |       |       |       |       ||   563
       Broad axe         |       |       |       |       |     9 |  1438 |  1282 |  1435 |  1894 ||  6058
Throw: Stone             |     3 |       |     2 |       |       |       |       |       |       ||     5
       Dart              |       |       |     5 |       |       |       |       |       |       ||     5
       Javelin           |       |       |       |       |       |     4 |       |     5 |       ||     9
Invok: Berserk           |     2 |     4 |     8 |     9 |     8 |     4 |     1 |     1 |     1 ||    38
       Trog's Hand       |       |     5 |     7 |     9 |    11 |    16 |    22 |    20 |    13 ||   103
       Brothers in Arms  |       |       |       |     2 |     7 |     5 |     6 |     3 |     7 ||    30
Evoke: Wand              |       |       |     4 |     8 |     4 |     1 |     2 |     2 |     5 ||    26
       Tin of tremorston |       |       |       |       |       |     3 |     3 |    10 |       ||    16
       Lightning rod     |       |       |       |       |       |       |       |     4 |       ||     4
       Box of beasts     |       |       |       |       |       |       |       |       |     1 ||     1
  Use: Scroll            |       |    13 |     8 |     9 |    11 |    12 |     6 |    12 |    33 ||   104
       Potion            |       |       |     1 |       |     1 |     3 |     3 |     4 |    29 ||    41
 Stab: Distracted        |       |       |       |       |     2 |       |       |     5 |     2 ||     9
       Confused          |       |       |       |       |       |     1 |       |       |       ||     1
       Paralysed         |       |       |       |       |       |       |     1 |       |       ||     1
  Eat: Chunk             |     3 |    14 |     9 |    24 |    35 |    20 |    24 |    24 |    18 ||   171
       Ration            |       |       |     4 |     6 |     3 |    11 |     4 |     7 |    13 ||    48
Armor: Leather armour    |    61 |       |       |       |       |       |       |       |       ||    61
       Animal skin       |     1 |       |       |       |       |       |       |       |       ||     1
       Chain mail        |       |    85 |    46 |    16 |   379 |   581 |       |       |       ||  1107
       Plate armour      |       |       |   197 |   219 |       |   132 |   422 |   465 |    55 ||  1490
       Gold dragon scale |       |       |       |       |       |       |       |       |   589 ||   589
Dodge: Dodged            |    72 |    59 |    82 |    86 |   310 |   299 |   215 |   208 |   346 ||  1677
Block: Kite shield       |       |       |   134 |   361 |   789 |       |       |       |       ||  1284
       Tower shield      |       |       |       |       |       |  1635 |  1230 |  1468 |  1870 ||  6203
       Reflection        |       |       |       |       |       |   122 |   122 |   201 |    42 ||   487
       Rpst.: Scimitar   |       |       |       |       |     2 |    13 |       |       |       ||    15
